 Dungeon Crawl Stone Soup version 0.18.0-2-g198d6d4 (webtiles) character file.

130 imoen the Insei (level 5, -5/27 HPs)
             Began as a Vine Stalker Monk on May 5, 2016.
             Was a Believer of Cheibriados.
             Slain by an ogre
             ... wielding a +0 giant club
              (10 damage)
             ... on level 5 of the Dungeon.
             The game lasted 00:06:48 (781 turns).

imoen the Insei (Vine Stalker Monk)                  Turns: 781, Time: 00:06:49

Health: -5/27      AC:  8    Str: 22    XL:     5   Next: 13%
Magic:  0/6        EV:  9    Int: 14    God:    Cheibriados [**....]
Gold:   0          SH:  0    Dex: 22    Spells: 0 memorised, 4 levels left

rFire  . . .     SeeInvis .       - Unarmed
rCold  . . .     Gourm    .     d - +0 chain mail
rNeg   . . .     Faith    .     (no shield)
rPois  .         Spirit   +     (no helmet)
rElec  .         Dismiss  .     (no cloak)
rCorr  .         Reflect  .     (no gloves)
SustAt +         Harm     .     (no boots)
MR     +....                    (no amulet)
Stlth  ..........               k - ring of sustain attributes
                                f - ring of protection from magic

@: mighty, very slow, somewhat resistant to hostile enchantments, extremely
unstealthy
A: fangs 2, regeneration 1, magic shield, antimagic bite, no device heal 3, rot
immunity
a: Bend Time, Renounce Religion


You were on level 5 of the Dungeon.
You worshipped Cheibriados.
Cheibriados was pleased with you.
You were not hungry.

You visited 1 branch of the dungeon, and saw 5 of its levels.

Inventory:

Armour
 a - a +0 robe
 c - a +0 scale mail
   (You found it on level 2 of the Dungeon)
 d - a +0 chain mail (worn)
   (You found it on level 2 of the Dungeon)
 i - a +1 hat of intelligence
   (You found it on level 5 of the Dungeon)
Jewellery
 f - a ring of protection from magic (left hand)
   (You found it on level 5 of the Dungeon)
 k - a ring of sustain attributes (right hand)
   (You found it on level 5 of the Dungeon)
 l - an uncursed ring of magical power {unknown}
   (You found it on level 5 of the Dungeon)
Scrolls
 e - a scroll of enchant weapon
 g - a scroll of blinking {unknown}
 j - a scroll of magic mapping {unknown}
Potions
 h - a potion of might
Comestibles
 b - a bread ration


   Skills:
 - Level 2.6 Fighting
 - Level 2.4 Dodging
 - Level 2.4 Stealth
 + Level 6.2 Unarmed Combat


You had 4 spell levels left.
You didn't know any spells.

Dungeon Overview and Level Annotations

Branches:
Dungeon (5/15)
 Temple: D:4-7

Altars:
Cheibriados
Fedhas
Gozag
Pakellas


Innate Abilities, Weirdness & Mutations

You have extremely sharp teeth.
Your natural rate of healing is unusually fast.
When hurt, damage is shared between your health and your magic reserves.
Your bite disrupts and absorbs the magic of your enemies.
Potions and wands cannot restore your health.
You are immune to rotting.


Message History

You kill the quokka!
Cheibriados appreciates the change of pace.
You see here a quokka corpse.
j - a scroll labeled VOCINN SUILOJ A giant gecko comes into view.
The giant gecko moves out of view.
You see here 19 arrows.
Health restored: 23; MP restored: 5 The giant gecko bites you but does no damage.
You punch the giant gecko!
You kill the giant gecko!
Cheibriados appreciates the change of pace.
You see here a giant gecko corpse.
A worm comes into view.
You hit the worm. You hit the worm. You bite the worm. You drain its power.
The worm bites you!
You take 6 damage, and have 17/23 hp.
MASSIVE DAMAGE!!
You now have 3/5 mp.
You hit the worm.
You kill the worm!
l - a large emerald ring Unknown command.
Search for what [Enter for "."]? gun Can't find anything matching that.
Unknown command.
Health restored: 23 MP restored: 5 The hobgoblin shouts!
The hobgoblin is too close now for your liking.
There are monsters nearby!
Unknown command.
Unknown command.
The hobgoblin hits you but does no damage.
Unknown command.
You hit the howler monkey skeleton. You bite the howler monkey skeleton.
You drain its power.
The howler monkey skeleton hits you but does no damage.
The howler monkey skeleton closely misses you.
The hobgoblin completely misses you.
You punch the hobgoblin!
You kill the hobgoblin!
Cheibriados appreciates the change of pace.
The howler monkey skeleton hits you but does no damage.
The howler monkey skeleton bites you but does no damage.
You barely miss the howler monkey skeleton.
You hit the howler monkey skeleton. You bite the howler monkey skeleton.
You drain its power. The howler monkey skeleton hits you.
The howler monkey skeleton barely misses you.
You take 1 damage, and have 22/23 hp.
Your chain mail prevents you from hitting the howler monkey skeleton.
You bite the howler monkey skeleton. You drain its power.
The howler monkey skeleton barely misses you.
The howler monkey skeleton bites you but does no damage.
You hit the howler monkey skeleton.
You destroy the howler monkey skeleton!
Cheibriados appreciates the change of pace.
Your Unarmed Combat skill increases to level 6!
No target in view!
Health restored: 23 You punch the giant frog zombie!
You bite the giant frog zombie. You drain its power.
The giant frog zombie hits you.
You take 3 damage, and have 20/23 hp.
You punch the giant frog zombie! You punch the giant frog zombie.
You bite the giant frog zombie. You drain its power.
The giant frog zombie hits you but does no damage.
You punch the giant frog zombie!
You destroy the giant frog zombie!
Cheibriados appreciates the change of pace.
You have reached level 5!
You regained 4 hp, and now have 25/27 hp.
MP restored: 6 Health restored: 27 The ogre shouts!
The ogre is too close now for your liking.
Unknown command.
Unknown command.
The ogre hits you with a giant club!
* * * LOW HITPOINT WARNING * * *
You take 11 damage, and have 16/27 hp.
MASSIVE DAMAGE!!
You now have 3/6 mp.
The ogre hits you with a giant club!
* * * LOW HITPOINT WARNING * * *
You take 13 damage, and have 4/27 hp.
MASSIVE DAMAGE!!
You now have 1/6 mp.
Okay, then.
Read which item? (? for menu, Esc to quit)
Okay, then.
Drink which item? (? for menu, Esc to quit)
Okay, then.
Drink which item? (? for menu, Esc to quit)
It was a potion of might.
You feel very mighty all of a sudden.
Unknown command.
You don't have enough magic at the moment.
You punch the ogre! You bite the ogre! You drain its power.
You feel invigorated. The ogre hits you with a giant club!
You die...

##....##Z####.###.##
#
#........K.........#
#...####....#####ยง(#
o.. # ####<# #..#
#.#.# #.# #..#
#..####.#.# #.# #..#
#........# #.#####..#
#.#########.....#..#
#...O@.............#
###############.##.#
#.##.### #.......
######## # # #. #.#


You could see an ogre.

Vanquished Creatures
  A hound (D:4)
  A giant frog zombie (D:5)
  An orc wizard (D:4)
  A howler monkey skeleton (D:5)
  An adder (D:2)
  A worm (D:5)
  A giant gecko (D:5)
  2 orcs (D:4)
  2 bats (D:2)
  2 goblins (D:2)
  2 hobgoblins
  2 kobolds
  2 quokkas
  3 giant newts
22 creatures vanquished.

Notes
Turn   | Place    | Note
--------------------------------------------------------------
     0 | D:1      | imoen the Vine Stalker Monk began the quest for the Orb.
     0 | D:1      | Reached XP level 1. HP: 11/11 MP: 2/2
    85 | D:2      | Reached XP level 2. HP: 16/16 MP: 3/3
   171 | D:4      | HP: 4/16 [quokka (3)]
   231 | D:3      | Found an oddly glowing altar of Pakellas.
   236 | D:3      | Found a snail-covered altar of Cheibriados.
   289 | D:4      | Reached skill level 5 in Unarmed Combat
   289 | D:4      | Reached XP level 3. HP: 12/19 MP: 1/4
   331 | D:4      | Reached XP level 4. HP: 16/23 MP: 5/5
   438 | D:4      | You fall through a shaft!
   438 | D:5      | Entered Level 5 of the Dungeon
   460 | D:5      | Noticed a phantom
   486 | D:5      | Noticed an ogre
   637 | D:3      | Found a blossoming altar of Fedhas.
   637 | D:3      | Found an opulent altar of Gozag.
   642 | D:3      | Became a worshipper of Cheibriados the Contemplative
   642 | D:3      | Reached * piety under Cheibriados
   642 | D:3      | Reached ** piety under Cheibriados
   746 | D:5      | Reached skill level 6 in Unarmed Combat
   752 | D:5      | Reached XP level 5. HP: 24/27 MP: 6/6
   779 | D:5      | HP: 4/27 [ogre/giant club (13)]
   781 | D:5      | Slain by an ogre

Skill      XL: |  1  2  3  4 |
---------------+-------------+-----
Unarmed Combat | 5 6 |  6.2
Fighting       | |  2.6
Dodging        | |  2.4
Stealth        | |  2.4

Action                   |  1- 3 |  4- 6 || total
-------------------------+-------+-------++-------
Melee: Unarmed           |    57 |    20 ||    77
       Bite              |    12 |     8 ||    20
       Punch             |       |     1 ||     1
  Use: Scroll            |       |     4 ||     4
       Potion            |       |     1 ||     1
Armor: Chain mail        |    24 |    25 ||    49
       Robe              |     1 |       ||     1
       Scale mail        |     1 |       ||     1
Dodge: Dodged            |    24 |    13 ||    37

Vault maps used:
D:1:      dpeg_arrival_fog
D:2:      elyvilon_altar_3, lemuel_crystal_altar
D:3:      nicolae_overflow_hidden_temple, kiku_gazebo_pond_becter, uniq_robin,
          uniq_sigmund
D:4:      serial_shops, kennysheep_little_box, first_bread, minivault_24
D:5:      corexii_shack_village, minmay_temple_entry_purple_smoke,
          serial_park_tiny_2, fedhas_altar_fruit_tree, uniq_edmund

Table legend:
 A = Turns spent in this place as a percentage of turns spent in the entire game.
 B = Non-inter-level travel turns spent in this place as a percentage of non-inter-level travel turns spent in the entire game.
 C = Inter-level travel turns spent in this place as a percentage of turns spent in this place.
 D = Turns resting spent in this place as a percentage of non-inter-level travel turns spent in this place.
 E = Turns spent auto-exploring this place as a percentage of non-inter-level travel turns spent in this place.
 F = Non-inter-level travel turns spent in this place divided by the number of levels of this place that you've seen.
                   A       B       C       D       E      F
               +-------+-------+-------+-------+-------+----------------------
         Total | 100.0 | 100.0 |   0.2 |   1.7 |   0.5 | 132.4
       Dungeon | 100.0 | 100.0 |   0.2 |   1.7 |   0.5 | 132.4
               +-------+-------+-------+-------+-------+----------------------

Table legend:
 A = Kills in this place as a percentage of kills in entire the game.
 B = Kills by you in this place as a percentage of kills by you in the entire game.
 C = Kills by friends in this place as a percentage of kills by friends in the entire game.
 D = Other kills in this place as a percentage of other kills in the entire game.
 E = Experience gained in this place as a percentage of experience gained in the entire game.
 F = Experience gained in this place divided by the number of levels of this place that you have seen.
                   A       B       C       D       E      F
               +-------+-------+-------+-------+-------+----------------------
         Total | 100.0 | 100.0 |  -nan |  -nan | 100.0 |  37.2
       Dungeon | 100.0 | 100.0 |  -nan |  -nan | 100.0 |  37.2
               +-------+-------+-------+-------+-------+----------------------
